ITL
AMARILLO ARCHDUKES @ BIRMINGHAM BARONS
08/04/2030
 
TOP OF THE 1ST
Amarillo Archdukes batting - Pitching for Birmingham Barons : RHP Alvin Heath
Pitching: RHP Alvin Heath
Batting: RHB Xie-li Fong 0-0: Foul Ball, location: 2F
0-1: Ball
1-1: Swinging Strike
1-2: Strikes out swinging
Batting: RHB Fernando Castellanos 0-0: Called Strike
0-1: Ball
1-1: Reached on error, E5 (Groundball, 56S)
Batting: RHB David Alonso 0-0: Ball
1-0: Ball
2-0: Ball
3-0: Called Strike
3-1: Base on Balls
Fernando Castellanos to second
Batting: LHB John Frost 0-0: Ball
1-0: Foul Ball, location: 2F
1-1: Fly out, F9 (Flyball, 9LS)
Batting: LHB António Chávez 0-0: Ball
1-0: Called Strike
1-1: Hit by Pitch
Fernando Castellanos to third
David Alonso to second
Batting: LHB José Martínez 0-0: Hit by Pitch
Fernando Castellanos scores
David Alonso to third
António Chávez to second
Batting: SHB Jeff Chambers 0-0: Foul Ball, location: 2F
0-1: Called Strike
0-2: Ball
1-2: Foul Ball, location: 2F
1-2: Foul Ball, location: 2F
1-2: Fly out, F8 (Line Drive, 8LD)
Top of the 1st over - 1 run, 0 hits, 1 error, 3 left on base; Amarillo 1 - Birmingham 0
BOTTOM OF THE 1ST
Birmingham Barons batting - Pitching for Amarillo Archdukes : LHP César Galván
Pitching: LHP César Galván
Batting: LHB Salvador López 0-0: Ground out 4-3 (Groundball, 4MS)
Batting: RHB Chris Parker 0-0: Called Strike
0-1: Ball
1-1: Foul Ball, location: 2F
1-2: Foul Ball, location: 2F
1-2: Ball
2-2: Ball
3-2: Strikes out swinging
Batting: LHB José Rivera 0-0: Ball
1-0: SINGLE (Flyball, 9S)
Batting: RHB Bryant von Bohlen 0-0: Ball
1-0: Foul Ball, location: 2F
1-1: Ball
2-1: Ball
3-1: Ground out 1-3 (Groundball, P)
Bottom of the 1st over - 0 runs, 1 hit, 0 errors, 1 left on base; Amarillo 1 - Birmingham 0
TOP OF THE 2ND
Amarillo Archdukes batting - Pitching for Birmingham Barons : RHP Alvin Heath
Batting: RHB Rich Henley 0-0: Ball
1-0: Foul Ball, location: 2F
1-1: SINGLE (Groundball, 56D)
Batting: RHB Herb Bunch 0-0: Called Strike
0-1: Ball
1-1: Called Strike
1-2: Ball
2-2: Fly out, F9 (Flyball, 9S)
Batting: RHB Xie-li Fong 0-0: Ball
1-0: Called Strike
1-1: Called Strike
1-2: Ball
2-2: Ball
3-2: Foul Ball, location: 2F
3-2: Fielders Choice at 2nd, 4-6 (Groundball, 4M)
Batting: RHB Fernando Castellanos 0-0: Swinging Strike
Passed Ball!
Xie-li Fong to second
0-1: Ball
1-1: Ball
2-1: Foul Ball, location: 2F
2-2: Ball
3-2: Foul Ball, location: 2F
3-2: Fly out, F9 (Flyball, 9D)
Top of the 2nd over - 0 runs, 1 hit, 0 errors, 1 left on base; Amarillo 1 - Birmingham 0
BOTTOM OF THE 2ND
Birmingham Barons batting - Pitching for Amarillo Archdukes : LHP César Galván
Batting: RHB Fred Moulds 0-0: Foul Ball, location: 2F
0-1: DOUBLE (Groundball, 5L)
Batting: RHB Dave Dawson 0-0: Ball
1-0: Called Strike
1-1: Ball
2-1: Called Strike
2-2: SINGLE (Groundball, 6MD)
Fred Moulds to third
Batting: RHB Bob McDonald 0-0: Ball
1-0: Called Strike
1-1: Foul Ball, location: 2F
1-2: Strikes out swinging
Batting: LHB Bob Jones 0-0: Ball
1-0: Called Strike
1-1: DOUBLE (Flyball, 89D)
Fred Moulds scores
Dave Dawson to third
Batting: RHB Juan Morales 0-0: Ground out 6-3 (Groundball, 6)
Dave Dawson scores
Bob Jones to third
Batting: LHB Salvador López 0-0: Fly out, F8 (Flyball, 8LXD)
Bottom of the 2nd over - 2 runs, 3 hits, 0 errors, 1 left on base; Amarillo 1 - Birmingham 2
TOP OF THE 3RD
Amarillo Archdukes batting - Pitching for Birmingham Barons : RHP Alvin Heath
Batting: RHB David Alonso 0-0: Called Strike
0-1: Ground out 6-3 (Groundball, 6)
Batting: LHB John Frost 0-0: Ball
1-0: Called Strike
1-1: Foul Ball, location: 2F
1-2: Ball
2-2: Ball
3-2: Ground out 1-3 (Groundball, 15)
Batting: LHB António Chávez 0-0: Fly out, F7 (Line Drive, 7S)
Top of the 3rd over - 0 runs, 0 hits, 0 errors, 0 left on base; Amarillo 1 - Birmingham 2
BOTTOM OF THE 3RD
Birmingham Barons batting - Pitching for Amarillo Archdukes : LHP César Galván
Batting: RHB Chris Parker 0-0: Ball
1-0: Ball
2-0: Foul Ball, location: 2F
2-1: Foul Ball, location: 2F
2-2: Ball
3-2: Base on Balls
Batting: LHB José Rivera 0-0: SINGLE (Groundball, 56) (infield hit)
Chris Parker to second
Batting: RHB Bryant von Bohlen 0-0: Called Strike
0-1: Foul Ball, location: 2F
0-2: Ball
1-2: Ball
2-2: SINGLE (Groundball, 56D)
Chris Parker to third
José Rivera to second
Runner from 3rd tries for Home, SAFE, throw made home
Batting: RHB Fred Moulds 0-0: Called Strike
0-1: Called Strike
0-2: Ball
Wild Pitch!
José Rivera to third
Bryant von Bohlen to second
1-2: Strikes out swinging
Batting: RHB Dave Dawson 0-0: Called Strike
0-1: Ball
1-1: Called Strike
1-2: Ball
2-2: Strikes out looking
Batting: RHB Bob McDonald 0-0: Ball
1-0: Foul Ball, location: 2F
1-1: Ball
2-1: Swinging Strike
2-2: Ball
3-2: Strikes out swinging
Bottom of the 3rd over - 1 run, 2 hits, 0 errors, 2 left on base; Amarillo 1 - Birmingham 3
TOP OF THE 4TH
Amarillo Archdukes batting - Pitching for Birmingham Barons : RHP Alvin Heath
Batting: LHB José Martínez 0-0: Called Strike
0-1: Foul Ball, location: 2F
0-2: Ball
1-2: Foul Ball, location: 2F
1-2: Ball
2-2: Ball
3-2: Fly out, F8 (Flyball, 78D)
Batting: SHB Jeff Chambers 0-0: Called Strike
0-1: Ball
1-1: Called Strike
1-2: Ball
2-2: Ball
3-2: Foul Ball, location: 2F
3-2: Foul Ball, location: 2F
3-2: Base on Balls
Batting: RHB Rich Henley 0-0: Ball
1-0: Ball
2-0: Ball
3-0: Called Strike
3-1: Base on Balls
Jeff Chambers to second
Batting: RHB Herb Bunch 0-0: Called Strike
0-1: Ball
1-1: Ball
2-1: Ball
3-1: Swinging Strike
3-2: Base on Balls
Jeff Chambers to third
Rich Henley to second
Batting: RHB Xie-li Fong 0-0: Ball
Passed Ball!
Jeff Chambers scores
Rich Henley to third
Herb Bunch to second
1-0: Ground out 6-3 (Groundball, 6)
Rich Henley scores
Batting: RHB Fernando Castellanos 0-0: Foul Ball, location: 2F
0-1: Fly out, F9 (Flyball, 9LS)
Top of the 4th over - 2 runs, 0 hits, 0 errors, 1 left on base; Amarillo 3 - Birmingham 3
BOTTOM OF THE 4TH
Birmingham Barons batting - Pitching for Amarillo Archdukes : LHP César Galván
Batting: LHB Bob Jones 0-0: Ball
1-0: Called Strike
1-1: Ground out U3 (Groundball, 34S)
Batting: RHB Juan Morales 0-0: Called Strike
0-1: Fly out, F7 (Flyball, 7S)
Batting: LHB Salvador López 0-0: Called Strike
0-1: Fly out, F8 (Flyball, 8RS)
Bottom of the 4th over - 0 runs, 0 hits, 0 errors, 0 left on base; Amarillo 3 - Birmingham 3
TOP OF THE 5TH
Amarillo Archdukes batting - Pitching for Birmingham Barons : RHP Alvin Heath
Batting: RHB David Alonso 0-0: Ball
1-0: Ball
2-0: Foul Ball, location: 2F
2-1: Called Strike
2-2: Ground out 6-3 (Groundball, 6)
Batting: LHB John Frost 0-0: Foul Ball, location: 2F
0-1: Ball
1-1: Ball
2-1: Fly out, F8 (Flyball, 78XD)
Batting: LHB António Chávez 0-0: Called Strike
0-1: Ball
1-1: Ball
2-1: Called Strike
2-2: Foul Ball, location: 2F
2-2: Foul Ball, location: 2F
2-2: Ground out 4-3 (Groundball, 4M)
Top of the 5th over - 0 runs, 0 hits, 0 errors, 0 left on base; Amarillo 3 - Birmingham 3
BOTTOM OF THE 5TH
Birmingham Barons batting - Pitching for Amarillo Archdukes : LHP César Galván
Batting: RHB Chris Parker 0-0: Foul Ball, location: 2F
0-1: Ball
1-1: Called Strike
1-2: SINGLE (Line Drive, 3L)
Batting: LHB José Rivera 0-0: Called Strike
0-1: Ball
1-1: Swinging Strike
1-2: Fly out, F8 (Flyball, 8RM)
Batting: RHB Bryant von Bohlen 0-0: Ball
1-0: Ball
2-0: Foul Ball, location: 2F
2-1: Called Strike
2-2: Ball
Chris Parker steals 2nd base
3-2: 2-RUN HOME RUN (Flyball, 7D), Distance : 333 ft
Batting: RHB Fred Moulds 0-0: Ball
1-0: Fly out, F7 (Flyball, 78M)
Batting: RHB Dave Dawson 0-0: Called Strike
0-1: Ball
1-1: Swinging Strike
1-2: Strikes out swinging, 2-3 out at first.
Bottom of the 5th over - 2 runs, 2 hits, 0 errors, 0 left on base; Amarillo 3 - Birmingham 5
TOP OF THE 6TH
Amarillo Archdukes batting - Pitching for Birmingham Barons : RHP Alvin Heath
Pitching: LHP Jim Sheppard
Batting: LHB José Martínez 0-0: Swinging Strike
0-1: Ball
1-1: Ball
2-1: Ball
3-1: Base on Balls
Batting: SHB Jeff Chambers 0-0: Called Strike
0-1: Called Strike
0-2: Ball
1-2: Ball
2-2: SINGLE (Groundball, 4MD)
José Martínez to second
Runner from 2nd tries for 3rd, SAFE, no throw
Batting: RHB Rich Henley 0-0: SINGLE (Groundball, 56D)
José Martínez scores
Jeff Chambers to second
Batting: RHB Herb Bunch 0-0: Called Strike
0-1: Called Strike
0-2: Strikes out swinging
Batting: RHB Xie-li Fong 0-0: Swinging Strike
0-1: Foul Ball, location: 2F
0-2: Strikes out swinging
Batting: RHB Fernando Castellanos 0-0: Called Strike
0-1: Ball
1-1: Fly out, F8 (Line Drive, 8LM)
Top of the 6th over - 1 run, 2 hits, 0 errors, 2 left on base; Amarillo 4 - Birmingham 5
BOTTOM OF THE 6TH
Birmingham Barons batting - Pitching for Amarillo Archdukes : LHP César Galván
Pitching: LHP Tim Miller
Batting: RHB Bob McDonald 0-0: Called Strike
0-1: Foul Ball, location: 2F
0-2: SOLO HOME RUN (Flyball, 7D), Distance : 356 ft
Batting: LHB Bob Jones 0-0: Fly out, F8 (Flyball, 8LXD)
Batting: RHB Juan Morales 0-0: Ground out 4-3 (Groundball, 4S)
Batting: LHB Salvador López 0-0: Ball
1-0: SINGLE (Groundball, 34D)
Batting: RHB Chris Parker 0-0: Ball
1-0: Ball
2-0: Ball
3-0: Base on Balls
Salvador López to second
Batting: LHB José Rivera 0-0: Called Strike
0-1: Ball
1-1: Fly out, F7 (Flyball, 7S)
Bottom of the 6th over - 1 run, 2 hits, 0 errors, 2 left on base; Amarillo 4 - Birmingham 6
TOP OF THE 7TH
Amarillo Archdukes batting - Pitching for Birmingham Barons : LHP Jim Sheppard
Batting: RHB David Alonso 0-0: Ball
1-0: Called Strike
1-1: Ball
2-1: Fly out, F9 (Flyball, 9S)
Batting: LHB John Frost 0-0: Ball
1-0: Foul Ball, location: 2F
1-1: Foul Ball, location: 2F
1-2: Ball
2-2: Ball
3-2: Foul Ball, location: 2F
3-2: Foul Ball, location: 2F
3-2: Foul Ball, location: 2F
3-2: Strikes out swinging
Batting: LHB António Chávez 0-0: Called Strike
0-1: Ball
1-1: Ball
2-1: Ground out 4-3 (Groundball, 4)
Top of the 7th over - 0 runs, 0 hits, 0 errors, 0 left on base; Amarillo 4 - Birmingham 6
BOTTOM OF THE 7TH
Birmingham Barons batting - Pitching for Amarillo Archdukes : LHP Tim Miller
Batting: RHB Bryant von Bohlen 0-0: Called Strike
0-1: Fly out, F9 (Flyball, 9S)
Batting: RHB Fred Moulds 0-0: Called Strike
0-1: Swinging Strike
0-2: Ball
1-2: Foul Ball, location: 2F
1-2: Ball
2-2: Ground out U3 (Groundball, 3S)
Batting: RHB Dave Dawson 0-0: Foul Ball, location: 2F
0-1: Foul Ball, location: 2F
0-2: Ball
1-2: Ball
2-2: Foul Ball, location: 2F
2-2: Fly out, F9 (Line Drive, 89M)
Bottom of the 7th over - 0 runs, 0 hits, 0 errors, 0 left on base; Amarillo 4 - Birmingham 6
TOP OF THE 8TH
Amarillo Archdukes batting - Pitching for Birmingham Barons : LHP Jim Sheppard
Now at 1B: Pancho Ruíz
Batting: LHB José Martínez 0-0: Ball
1-0: Ground out U3 (Groundball, 34)
Batting: SHB Jeff Chambers 0-0: Swinging Strike
0-1: Foul Ball, location: 2F
0-2: Ball
1-2: Fly out, F9 (Flyball, 9)
Batting: RHB Rich Henley 0-0: Ball
1-0: Ball
2-0: Called Strike
2-1: Ground out 5-3 (Groundball, 56)
Top of the 8th over - 0 runs, 0 hits, 0 errors, 0 left on base; Amarillo 4 - Birmingham 6
BOTTOM OF THE 8TH
Birmingham Barons batting - Pitching for Amarillo Archdukes : LHP Tim Miller
Batting: RHB Bob McDonald 0-0: Ball
1-0: Fly out, F3 (Popup, 3L)
Batting: LHB Bob Jones 0-0: Swinging Strike
0-1: Called Strike
0-2: Ball
1-2: Foul Ball, location: 2F
1-2: Foul Ball, location: 2F
1-2: Ball
2-2: Ball
3-2: Foul Ball, location: 2F
3-2: Strikes out looking
Batting: RHB Juan Morales 0-0: Ball
1-0: Called Strike
1-1: Ball
2-1: Ball
3-1: Called Strike
3-2: Base on Balls
Batting: LHB Salvador López 0-0: Ball
1-0: Foul Ball, location: 2F
1-1: Ball
2-1: Ground out 1-3 (Groundball, 13S)
Bottom of the 8th over - 0 runs, 0 hits, 0 errors, 1 left on base; Amarillo 4 - Birmingham 6
TOP OF THE 9TH
Amarillo Archdukes batting - Pitching for Birmingham Barons : LHP Jim Sheppard
Batting: RHB Herb Bunch 0-0: Ball
1-0: Ball
2-0: Ball
3-0: Fly out, F6 (Popup, 4MS)
Batting: RHB Xie-li Fong 0-0: Foul Ball, location: 2F
0-1: Swinging Strike
0-2: Ball
1-2: Strikes out swinging
Batting: RHB Fernando Castellanos 0-0: Foul Ball, location: 2F
0-1: Swinging Strike
0-2: Ball
1-2: Ball
2-2: Fly out, F7 (Flyball, 78S)
Top of the 9th over - 0 runs, 0 hits, 0 errors, 0 left on base; Amarillo 4 - Birmingham 6
Saturday, April 7th, 2018 - OOTP Baseball 18.8 Build 76